Map: Lightshade LE

Players

쩐천쩐

  • Race: Protoss Protoss
  • League: Platinum
  • Spawn Location: 11:00

FLORENCIO - Winner!

  • Race: Zerg Zerg
  • League: Platinum
  • Spawn Location: 5:00

VOD

Have the link to the VOD?

Description

Time

  • Played on: March 4, 2021, 5:36 p.m.
  • Length: 23:27
Show
View Real Time Build Order
Export as new Build Order

쩐천쩐 Protoss 

Build Orders: Nexus First 

Get SALT Encoding   

  12  0:00  Probe (Chrono Boost)  
  13  0:09  Probe (Chrono Boost)  
  14  0:14  Probe (Chrono Boost)  
  15  0:26  Pylon  
  15  0:44  Probe  
  16  0:56  Probe  
  17  1:02  Nexus  
  17  1:09  Probe  
  18  1:16  Gateway  
  18  1:21  Probe, Assimilator  
  19  1:33  Probe  
  20  1:41  Pylon  
  20  1:47  Forge  
  20  1:55  Gateway  
  20  1:59  Pylon  
  20  2:05  Zealot (Chrono Boost)  
  22  2:16  Cybernetics Core  
  22  2:19  Pylon  
  22  2:21  Pylon  
  22  2:36  Photon Cannon  
  22  2:37  Zealot  
  22  2:43  Zealot  
  26  2:48  Probe  
  27  2:57  Assimilator  
  26  3:00  Probe  
  26  3:04  Zealot  
  29  3:13  Probe  
  29  3:14  Pylon  
  30  3:24  Shield Battery  
  30  3:25  Stalker, Probe  
  33  3:36  Stalker  
  35  3:49  Warp Gate (Chrono Boost)  
  35  3:50  Gateway  
  35  3:52  Gateway  
  35  3:55  Pylon  
  35  3:58  Stalker  
  37  4:09  Stalker  
  39  4:30  Twilight Council  
  39  4:33  Pylon  
  39  4:47  Stalker x2  
  39  4:48  Zealot x2  
  47  4:58  Charge (Chrono Boost)  
  47  5:32  Zealot  
  47  5:33  Zealot  
  47  5:34  Zealot  
  53  5:35  Zealot  
  55  5:57  Zealot  
  55  5:58  Zealot  
  55  5:59  Stalker  
  55  6:00  Sentry  
  63  6:14  Nexus  
  63  6:16  Pylon  
  63  6:36  Probe (Chrono Boost)  
  64  6:41  Probe (Chrono Boost)  
  64  6:45  Stalker x2  
  69  6:47  Sentry  
  69  6:50  Probe  
  62  7:02  Probe  
  51  7:10  Zealot x3  
  51  7:14  Probe  
  52  7:20  Photon Cannon  
  46  7:27  Photon Cannon  
  40  7:35  Shield Battery  
  40  7:39  Shield Battery  
  40  7:40  Probe  
  41  7:48  Zealot  
  41  7:50  Sentry  
  45  7:52  Probe  
  46  8:02  Zealot  
  46  8:04  Probe  
  49  8:12  Assimilator  
  49  8:15  Assimilator  
  49  8:16  Probe  
  50  8:20  Stalker  
  52  8:28  Probe  
  52  8:33  Pylon  
  53  8:41  Probe (Chrono Boost)  
  54  8:48  Stargate  
  54  8:50  Stargate  
  54  8:51  Probe (Chrono Boost)  
  54  8:53  Pylon  
  55  8:55  Probe (Chrono Boost)  
  55  8:57  Stalker  
  55  9:02  Stalker  
  60  9:07  Probe  
  61  9:22  Protoss Shields Level 1  
  61  9:25  Void Ray x2 (Chrono Boost)  
  69  9:55  Void Ray x2, Zealot x2  
  69  9:57  Zealot  
  75  10:01  Zealot  
  85  10:32  Void Ray (Chrono Boost)  
  85  10:33  Void Ray (Chrono Boost)  
  69  10:38  Zealot  
  69  10:39  Zealot x3  
  44  11:06  Probe (Chrono Boost)  
  45  11:16  Probe (Chrono Boost)  
  45  11:20  Zealot x3  
  45  11:21  Probe (Chrono Boost), Zealot  
  49  11:32  Probe  
  49  11:44  Probe x2  
  51  11:56  Probe  
  51  11:57  Probe  
  53  12:08  Probe  
  54  12:09  Probe, Zealot x2  
  54  12:11  Sentry  
  61  12:21  Probe  
  58  12:46  Zealot x2  
  58  12:47  Zealot  
  58  12:48  Zealot  
  54  13:48  Zealot  
  54  13:50  Zealot x3  
  62  13:56  Void Ray x2 (Chrono Boost)  
  58  14:26  Void Ray x2  
  58  14:28  Probe (Chrono Boost)  
  64  14:38  Probe (Chrono Boost)  
  64  14:41  Pylon  
  64  14:42  Pylon  
  64  14:43  Probe (Chrono Boost)  
  64  14:45  Zealot x2  
  69  14:55  Probe  
  68  15:03  Void Ray x2  
  68  15:07  Probe (Chrono Boost)  
  77  15:17  Probe (Chrono Boost)  
  78  15:22  Probe (Chrono Boost)  
  78  15:25  Phoenix  
  78  15:27  Robotics Facility x2  
  79  15:33  Probe (Chrono Boost)  
  80  15:45  Probe (Chrono Boost)  
  81  15:52  Probe (Chrono Boost)  
  82  16:00  Probe  
  83  16:12  Probe  
  84  16:28  Immortal x2  
  92  16:53  Probe  
  93  17:05  Probe  
  93  17:07  Immortal x2  
  102  17:14  Pylon  
  102  17:15  Pylon  
  102  17:17  Pylon  
  81  17:57  Zealot  
  81  17:58  Zealot x3  
  44  18:19  Nexus  
  44  18:20  Pylon  
  44  18:22  Sentry x2, Pylon  
  48  18:45  Observer x2  
  48  18:47  Zealot x2  
  48  18:48  Sentry  
  56  19:06  Observer  
  56  19:07  Observer  
  54  19:25  Stalker x2  
  54  19:26  Stalker x2  
  54  19:28  Observer x2 (Chrono Boost)  
  58  19:47  Observer x2 (Chrono Boost)  
  58  19:49  Zealot  
  62  20:00  Immortal  
  62  20:01  Immortal  
  70  20:13  Phoenix x2  
  74  20:38  Phoenix (Chrono Boost)  
  76  20:57  Phoenix (Chrono Boost)  
  76  21:00  Phoenix (Chrono Boost)  
  80  21:13  Phoenix (Chrono Boost)  
  78  21:41  Phoenix  
  80  21:53  Zealot x2  
  74  22:24  Zealot x2  
  74  22:25  Zealot  
Show
View Real Time Build Order
Export as new Build Order

FLORENCIO Zerg - Winner!

Build Orders: Pool First 

Get SALT Encoding   

  12  0:02  Drone  
  13  0:10  Drone  
  14  0:18  Overlord  
  14  0:37  Drone x2  
  16  0:44  Drone  
  16  0:49  Spawning Pool  
  16  0:50  Drone  
  17  1:05  Drone  
  18  1:21  Extractor  
  17  1:31  Overlord  
  17  1:39  Hatchery  
  16  1:45  Zergling x2  
  16  1:46  Zergling x4  
  19  2:02  Zergling x2  
  19  2:03  Hatchery  
  19  2:13  Drone  
  21  2:23  Hatchery  
  21  2:29  Hatchery  
  19  2:33  Drone x2  
  21  2:41  Drone  
  23  3:08  Drone x2  
  23  3:10  Extractor  
  24  3:16  Drone  
  25  3:32  Drone x3  
  28  3:36  Pneumatized Carapace  
  28  3:45  Drone x4  
  32  3:48  Drone  
  32  3:54  Spore Crawler  
  32  3:55  Spore Crawler  
  32  3:56  Drone  
  32  3:57  Drone  
  32  3:59  Drone  
  34  4:03  Drone  
  34  4:05  Drone  
  36  4:10  Drone  
  36  4:14  Drone  
  36  4:16  Drone  
  39  4:20  Queen  
  39  4:22  Drone  
  42  4:40  Roach Warren  
  41  4:49  Overlord x4  
  41  4:54  Overlord  
  41  5:02  Overlord  
  41  5:03  Overlord  
  41  5:07  Queen  
  44  5:14  Queen  
  44  5:20  Roach x6  
  44  5:21  Roach  
  58  5:23  Roach  
  60  5:29  Lair  
  60  5:31  Overlord x2  
  58  5:37  Roach x2  
  62  5:50  Queen  
  64  6:01  Overlord  
  64  6:02  Roach x8  
  80  6:09  Roach Warren  
  78  6:19  Roach  
  78  6:20  Roach x3  
  86  6:27  Roach  
  86  6:31  Roach  
  90  6:36  Zergling x12  
  96  6:42  Zergling x4  
  96  6:43  Zergling x4  
  86  7:15  Roach x6  
  90  7:30  Zergling x8  
  94  7:40  Drone  
  94  7:43  Drone x8  
  103  7:50  Overlord x2  
  103  8:06  Overlord x2  
  103  8:07  Overlord  
  103  8:22  Ravager x2  
  103  8:24  Ravager  
  106  8:29  Extractor  
  106  8:30  Extractor  
  106  8:31  Extractor  
  106  8:32  Extractor  
  102  8:35  Zergling x26  
  115  8:44  Baneling Nest  
  114  9:07  Zergling x20  
  124  9:14  Zergling x2  
  124  9:27  Baneling x2  
  124  9:28  Baneling x20  
  124  9:29  Baneling  
  124  9:30  Baneling  
  124  9:38  Zergling x6  
  127  9:48  Roach  
  127  9:49  Roach  
  131  9:55  Drone x3  
  131  9:57  Drone  
  135  10:00  Drone  
  135  10:03  Drone  
  91  10:57  Drone x3  
  91  10:58  Hydralisk Den  
  65  11:20  Spore Crawler  
  65  11:22  Spore Crawler  
  65  11:23  Spore Crawler  
  65  11:24  Spore Crawler x2  
  65  11:25  Spore Crawler, Drone x7  
  51  11:26  Spore Crawler, Drone x5  
  51  11:31  Spore Crawler x2  
  57  11:39  Drone x2  
  55  11:48  Spire  
  55  11:53  Spore Crawler  
  53  11:55  Spore Crawler  
  53  11:56  Spore Crawler  
  49  12:03  Zergling x6  
  49  12:06  Spine Crawler  
  51  12:13  Roach, Zergling x8  
  51  12:14  Roach  
  55  12:38  Spore Crawler  
  46  12:45  Hydralisk x3  
  46  12:47  Hydralisk x2  
  46  12:48  Hydralisk  
  51  13:00  Hydralisk  
  51  13:13  Hydralisk x3  
  51  13:17  Hydralisk  
  50  13:42  Hydralisk  
  50  13:43  Hydralisk x4  
  56  14:00  Hydralisk x3  
  55  14:07  Hydralisk  
  57  14:26  Hydralisk x3  
  63  14:34  Hydralisk  
  65  14:40  Hydralisk  
  67  14:49  Muscular Augments  
  62  15:01  Hydralisk x2  
  66  15:09  Hydralisk x2  
  70  15:26  Infestation Pit  
  70  15:27  Drone x5  
  74  15:49  Overlord  
  74  15:50  Overlord x2  
  74  16:01  Grooved Spines  
  74  16:04  Pathogen Glands  
  74  16:08  Infestor x3  
  80  16:14  Infestor x2  
  84  16:27  Hydralisk x3  
  84  16:29  Hydralisk  
  92  16:37  Hydralisk  
  92  16:38  Hydralisk  
  96  16:41  Hydralisk  
  98  16:56  Overlord x4  
  98  17:14  Hydralisk x2  
  98  17:15  Hydralisk x3  
  108  17:26  Hydralisk  
  108  17:27  Hydralisk  
  108  17:29  Hydralisk  
  89  18:05  Zergling x18  
  66  18:21  Zergling x6  
  69  18:28  Mutalisk x3  
  75  18:47  Mutalisk x3  
  75  18:48  Mutalisk x3  
  81  18:50  Queen  
  81  18:51  Queen  
  81  18:52  Queen  
  93  19:02  Mutalisk x3  
  99  19:20  Hydralisk x4, Zergling x2  
  108  19:28  Hydralisk  
  110  19:40  Hydralisk x2  
  110  19:41  Hydralisk  
  116  19:45  Drone x2  
  116  19:46  Drone  
  119  19:59  Drone x3  
  122  20:18  Hydralisk x4  
  130  20:31  Overlord  
  130  20:32  Overlord x3  
  130  20:45  Overlord  
  130  20:49  Hatchery, Overlord x2  
  129  20:58  Corruptor  
  129  21:01  Corruptor  
  133  21:08  Corruptor  
  135  21:21  Corruptor  
  135  21:22  Corruptor  
  133  21:41  Corruptor x2  
  133  21:43  Mutalisk  
  133  21:44  Mutalisk  
  141  21:48  Overlord  
  141  21:55  Burrow  
Tags
 
Add a new tag
Caveats
  • Supply blocks, unpowered buildings, or Contaminate may cause inaccurate times.
  • Supply counts are checked every 10 seconds.